cohdb
Replays
Latest Replays
All Replays
Popular Replays
Top Player Replays
Match Explorer
How It Works
Community
CoH3 Stats
Reddit
Sign in to upload your games and track your stats! →
Sign in with Steam
Match 42472554
Unlisted
Match 42472554
Overview
Messages
Build Orders
End
Construct Barracks
Scout Squad
Selects Special Operations Battlegroup
1⁄4-ton 4x4 Truck
Engineer Squad
Grenade Package
Riflemen Squad
Infantry Support Center
Riflemen Squad
Selects M29 Weasel with M1 Pack Howitzer
Construct Medical Station
Selects Smoke Screen
M29 Weasel with M1 Pack Howitzer
M1918 Browning Automatic Rifles
Selects SSF Commando Squad
M29 Weasel with M1 Pack Howitzer
Smoke Screen
SSF Commando Squad
SSF Commando Squad
Advanced Logistics
Captain Retinue
Selects Assault Operation
SSF Commando Squad
Construct Motor Pool
M24 Chaffee Light Tank
Smoke Screen
Selects P-47 Anti-Infantry Loiter
SSF Commando Squad
Engineer Squad
Smoke Screen
P-47 Anti-Infantry Loiter
SSF Commando Squad
SSF Commando Squad
Selects M4A1 Sherman Whizbang
Construct Medical Station
P-47 Anti-Infantry Loiter
Smoke Screen
Riflemen Squad
M4A1 Sherman Whizbang
Engineer Squad
Smoke Screen
Engineer Squad
PoL™
Grand.G
0
0
Comments
sign in to comment!
No comments posted yet!